 Dungeon Crawl Stone Soup version 0.28.0-45-g0d030f2227 (webtiles) character file.

Game seed: 9716895955379156746

2072 Revguard the Ducker (level 9, -1/84 HPs)
             Began as a Troll Gladiator on Apr 15, 2022.
             Slain by a sun demon (15 damage)
             ... summoned by a kobold demonologist
             ... on level 6 of the Dungeon.
             The game lasted 00:12:47 (4294 turns).

Revguard the Ducker (Troll Gladiator)               Turns: 4294, Time: 00:12:49

Health: -1/84      AC: 11    Str: 24    XL:     9   Next: 5%
Magic:  8/8        EV: 12    Int:  4    God:
Gold:   291        SH:  0    Dex: 15    Spells: 8/8 levels left

rFire   . . .      SeeInvis .     - Unarmed
rCold   . . .      Faith    .   (no shield)
rNeg    . . .      Spirit   .   a - +0 robe
rPois   .          Reflect  .   b - +0 hat
rElec   .          Harm     .   p - +2 cloak
rCorr   .          Rampage  .   (gloves unavailable)
Will    .....                   (boots unavailable)
Stlth   +.........              (no amulet)
HPRegen 1.04/turn               n - +4 ring of protection
MPRegen 0.11/turn               (no ring)

@: about to teleport
A: large, unfitting armour, claws 3, regeneration 1, shaggy fur 1, tough skin 1
a: no special abilities


You were on level 6 of the Dungeon.
You visited 1 branch of the dungeon, and saw 6 of its levels.

You collected 291 gold pieces.

Inventory:

Hand Weapons
 g - a +0 giant spiked club
Missiles
 c - 2 throwing nets (quivered)
 j - 4 poisoned darts
Armour
 a - a +0 robe (worn)
 b - a +0 hat (worn)
 p - a +2 cloak (worn)
Jewellery
 n - a +4 ring of protection (left claw)
Wands
 m - a wand of charming (9)
 o - a wand of flame (38)
Scrolls
 e - a scroll of identify
 f - a scroll of teleportation
 h - a scroll of fog
 l - 3 scrolls of magic mapping {unknown}
Potions
 d - 2 potions of curing
 i - a potion of attraction {unknown}
 k - a potion of might
 q - a potion of brilliance


   Skills:
 + Level 3.7 Fighting
 * Level 3.5 Maces & Flails
 + Level 4.3 Throwing
 * Level 5.0 Armour
 * Level 5.8 Dodging
 - Level 4.0 Unarmed Combat


You had 8 spell levels left.
You didn't know any spells.
Your spell library contained the following spells:

 Spells                   Type           Power      Damage    Failure   Level
 Foxfire                  Conj/Fire      0%         2x1d4     50%         1
 Ensorcelled Hibernation  Hex/Ice        0%         N/A       65%         2
 Conjure Flame            Conj/Fire      0%         6-21      86%         3
 Inner Flame              Hex/Fire       0%         N/A       86%         3
 Spider Form              Tmut/Pois      0%         N/A       86%         3
 Anguish                  Hex/Necr       0%         N/A       99%         4
 Flame Wave               Conj/Fire      0%         2d4       99%         4


Dungeon Overview and Level Annotations

Branches:
Dungeon (6/15)
 Temple: D:4-7

Altars:
Gozag
Vehumet
Wu Jian

Shops:
D:5 (


Innate Abilities, Weirdness & Mutations

You are too large for most types of armour.
You have claws for hands.
Your natural rate of healing is unusually fast.
You are covered in fur. (AC +1)
You have tough skin. (AC +1)


Message History

The kobold brigand hits you with a +0 short sword.
The kobold demonologist hits you but does no damage.
You miss the kobold demonologist.
The kobold demonologist is lightly wounded.
The kobold brigand closely misses you.
The kobold brigand hits you but does no damage.
The kobold demonologist begins to cast a cantrip, but forgets the words!
You barely miss the kobold demonologist.
The kobold demonologist is lightly wounded.
The kobold brigand closely misses you. x2
The kobold demonologist gestures wildly while chanting.
You scratch the kobold demonologist but do no damage.
The kobold demonologist is lightly wounded.
The kobold brigand barely misses you. The sun demon hits you!
You are engulfed in flames!
The kobold demonologist hits you but does no damage.
You closely miss the kobold demonologist.
The kobold demonologist is lightly wounded.
The kobold brigand barely misses you. The sun demon misses you.
The kobold brigand hits you with a +0 short sword.
You barely miss the kobold demonologist.
The kobold demonologist is lightly wounded.
The kobold demonologist hits you but does no damage.
The kobold brigand hits you with a +0 dagger.
The kobold barely misses you. The sun demon hits you!
You are engulfed in flames!
You barely miss the kobold demonologist.
The kobold demonologist is lightly wounded.
The kobold brigand closely misses you.
The kobold demonologist hits you but does no damage.
The sun demon hits you but does no damage.
The kobold brigand closely misses you. The kobold hits you but does no damage.
As you read the scroll of teleportation, it crumbles to dust.
You feel strangely unstable.
The kobold brigand hits you with a +0 short sword.
The kobold demonologist hits you but does no damage.
The sun demon hits you!!
* * * LOW HITPOINT WARNING * * *
You are engulfed in flames!
You die...

.......# .... .......#
..# # ... ..
.......#...#.. ... #.
.......#...... #.##.
.............. #...
.............. #..# ...
.............# #n.# ....
.............#+#KK#.....
...............K@K......
####.............3.....$
####......##............
....###+####............
....###+####............
..................#.....
.........##.....>.......
.........##.........##..
.........#..........#


You could see a sun demon (summoned), a kobold demonologist, 2 kobold brigands,
a necrophage and a kobold.

Vanquished Creatures
  Pikel (D:5)
  Sigmund (D:4)
  Menkaure (D:5)
  A water moccasin (D:6)
  2 ice beasts (D:5)
  A necrophage (D:5)
  The ghost of duchin the Gusty, an amateur DrAE (D:3)
  An ogre (D:4)
  A lemure (D:5)
  A scorpion (D:4)
  A water moccasin skeleton (D:4)
  A centaur zombie (D:5)
  2 gnoll shamans (D:5)
  A hound (D:6)
  A centaur skeleton (D:5)
  A bullfrog skeleton (D:5)
  Crazy Yiuf (D:5)
  2 iguanas
  2 orc wizards (D:3)
  Natasha (thrice) (D:2)
  A hound skeleton (D:4)
  Robin (D:2)
  8 gnolls (D:5)
  9 adders
  An ufetubus (D:3)
  An adder skeleton (D:4)
  2 worms
  4 dart slugs
  6 orcs
  5 ball pythons
  6 bats
  8 endoplasms
  4 giant cockroaches
  14 goblins
  11 hobgoblins
  10 jackals
  6 kobolds
  6 quokkas
  5 frilled lizards
  8 rats
142 creatures vanquished.

Vanquished Creatures (others)
  20 plants (D:2)
20 creatures vanquished.

Grand Total: 162 creatures vanquished

Notes
Turn   | Place    | Note
-------+----------+-------------------------------------------
     0 | D:1      | Revguard the Troll Gladiator began the quest for the Orb.
     0 | D:1      | Reached XP level 1. HP: 19/19 MP: 0/0
    73 | D:1      | Found a faded altar of an unknown god.
   100 | D:1      | Reached XP level 2. HP: 26/28 MP: 1/1
   305 | D:1      | Reached skill level 1 in Armour
   549 | D:1      | Reached XP level 3. HP: 32/35 MP: 2/2
   947 | D:2      | Noticed Natasha
   953 | D:2      | Killed Natasha
   954 | D:2      | Reached XP level 4. HP: 37/42 MP: 3/3
   987 | D:2      | Noticed Natasha
   994 | D:2      | Killed Natasha
  1231 | D:2      | Noticed Robin
  1260 | D:2      | Killed Robin
  1261 | D:2      | Reached XP level 5. HP: 37/49 MP: 4/4
  1435 | D:2      | Noticed Natasha
  1446 | D:2      | Killed Natasha
  1964 | D:3      | Reached XP level 6. HP: 36/57 MP: 5/5
  2007 | D:3      | Found a radiant altar of Vehumet.
  2022 | D:3      | Found a runed translucent door.
  2024 | D:3      | Noticed duchin's ghost (amateur DrAE)
  2385 | D:3      | Killed duchin's ghost
  2512 | D:4      | Found an opulent altar of Gozag.
  2522 | D:4      | Reached XP level 7. HP: 62/66 MP: 6/6
  2683 | D:4      | Noticed Sigmund
  2693 | D:4      | Killed Sigmund
  2734 | D:4      | Reached skill level 1 in Maces & Flails
  2985 | D:4      | Found an opulent altar of Gozag.
  2986 | D:4      | Found an opulent altar of Gozag.
  2991 | D:4      | Found an opulent altar of Gozag.
  3188 | D:5      | Entered Level 5 of the Dungeon
  3346 | D:5      | Found Hirheck's Antique Weapon Shop.
  3379 | D:5      | Reached XP level 8. HP: 56/75 MP: 7/7
  3446 | D:5      | Noticed Menkaure
  3460 | D:5      | Killed Menkaure
  3461 | D:5      | Reached skill level 5 in Dodging
  3955 | D:5      | Noticed Pikel
  3985 | D:5      | Killed Pikel
  4056 | D:5      | Found a runed translucent door.
  4057 | D:5      | Noticed Crazy Yiuf
  4065 | D:5      | Killed Crazy Yiuf
  4161 | D:5      | Found an ornate altar of the Wu Jian Council.
  4221 | D:6      | Reached skill level 5 in Armour
  4221 | D:6      | Reached XP level 9. HP: 84/84 MP: 8/8
  4282 | D:6      | Noticed a kobold demonologist
  4290 | D:6      | Noticed a sun demon
  4294 | D:6      | Slain by a sun demon

Illustrated notes

Levels and vault maps discovered:
D:1:      psy_arrival_fountain, layout_loops_corners,
          hellmonk_ecumenical_altar_prayer_group
D:2:      layout_basic, kennysheep_boxes, uniq_robin, uniq_natasha
D:3:      layout_basic, amcnicky_altar_gilded, gammafunk_ghost_grave
D:4:      layout_basic, nicolae_gozag_conspicuous_consumption,
          kennysheep_generic_room_11, uniq_sigmund
D:5:      layout_basic, pdpol_wu_jian_five_deadly_venoms, serial_shops, shop,
          uniq_pikel, uniq_crazy_yiuf_cottage, uniq_menkaure
D:6:      layout_basic, mainiacjoe_overflow_boulevard,
          minmay_temple_entry_overgrown, serial_shops, shop

Skill      XL: |  1  2  3  4  5  6  7  8 |
---------------+-------------------------+-----
Armour         | 1 2 3 5 |  5.0
Throwing       | 2 3 4 |  4.3
Dodging        | 3 4 5 |  5.8
Fighting       | 2 3 |  3.7
Unarmed Combat | 4 |  4.0
Maces & Flails | 1 3 |  3.5

Action                   |  1- 3 |  4- 6 |  7- 9 || total
-------------------------+-------+-------+-------++-------
Melee: Unarmed           |    75 |   175 |   131 ||   381
       Punch             |     1 |     5 |     3 ||     9
       Giant spiked club |       |     7 |   112 ||   119
Throw: Throwing net      |       |       |     4 ||     4
  Use: Potion            |     3 |     5 |     4 ||    12
       Scroll            |       |     4 |     3 ||     7
 Stab: Sleeping          |       |     1 |       ||     1
Armor: Robe              |    15 |    59 |   109 ||   183
       Skin              |       |     3 |       ||     3
Dodge: Dodged            |    49 |    89 |   179 ||   317
